 Dungeon Crawl Stone Soup version 0.19.4-9-g45fd643 (webtiles) character file.

2355 azazzel4ik the Covered (level 9, -12/57 HPs)
             Began as a Tengu Fighter on Feb 18, 2017.
             Was a Priest of Okawaru.
             Mangled by an orc warrior
             ... wielding a +0 trident
              (14 damage)
             ... on level 7 of the Dungeon.
             The game lasted 00:18:01 (6922 turns).

azazzel4ik the Covered (Tengu Fighter)              Turns: 6922, Time: 00:18:01

Health: -12/57     AC: 12    Str: 24    XL:     9   Next: 44%
Magic:  10/10      EV:  8    Int:  8    God:    Okawaru [***...]
Gold:   340        SH:  0    Dex: 13    Spells: 0 memorised, 8 levels left

rFire  . . .     SeeInvis .     a - +1 rapier
rCold  . . .     Gourm    .     b - +0 scale mail
rNeg   . . .     Faith    .     c - +0 shield
rPois  .         Spirit   .     (helmet restricted)
rElec  .         Reflect  .     (no cloak)
rCorr  .         Harm     .     k - +1 pair of gloves
MR     .....                    (boots unavailable)
Stlth  ..........               (no amulet)
                                C - +3 ring of strength
                                o - +2 ring of protection

@: confused
A: beak, horns 1, talons 3, blurry vision 1, screaming 1, able to fly 1
a: Fly, Heroism, Renounce Religion


You were on level 7 of the Dungeon.
You worshipped Okawaru.
Okawaru was most pleased with you.
You were not hungry.

You visited 1 branch of the dungeon, and saw 7 of its levels.
You also visited: Sewer.

You collected 340 gold pieces.

Inventory:

Hand Weapons
 a - a +1 rapier (weapon)
Armour
 b - a +0 scale mail (worn)
 c - a +0 shield (worn)
 k - a +1 pair of gloves (worn)
Jewellery
 o - a +2 ring of protection (left hand)
 t - an uncursed ring of protection from fire
 C - a +3 ring of strength (right hand)
Wands
 q - a wand of iceblast (10/15)
 I - a wand of polymorph (8/24)
Scrolls
 g - a scroll of random uselessness
 h - 3 scrolls of remove curse
 i - 2 scrolls of recharging
 j - a scroll of blinking
 s - 3 scrolls of fear
 y - a scroll of magic mapping
 A - a scroll of amnesia (quivered)
 B - 2 scrolls of teleportation
Potions
 l - a potion of cancellation
 p - a potion of mutation
 r - a potion of lignification
 w - a potion of haste
 D - 3 potions of flight
Books
 x - a book of Minor Magic

   Spells                             Type                      Level
   a - Magic Dart                     Conjuration                  1
   b - Blink                          Translocation                2
   c - Call Imp                       Summoning                    2
   d - Repel Missiles                 Charms/Air                   2
   e - Slow                           Hexes                        2
   f - Conjure Flame                  Conjuration/Fire             3
   g - Mephitic Cloud                 Conjuration/Poison/Air       3
Comestibles
 f - a bread ration
 n - 2 slices of pizza
 z - 4 fruits
 F - 2 meat rations


   Skills:
 * Level 7.0 Fighting
 * Level 7.8 Short Blades
 * Level 7.9 Armour
 + Level 5.6 Shields


You had 8 spell levels left.
You didn't know any spells.

Dungeon Overview and Level Annotations

Branches:
Dungeon (6/15)
 Temple: D:4-7

Altars:
Fedhas
Hepliaklqana
Nemelex Xobeh
Okawaru
Ru
Sif Muna
Vehumet
Xom

Shops:
D:6 =


Innate Abilities, Weirdness & Mutations

You have a beak for a mouth.
You have claws for feet.
You can fly.
You have a pair of small horns on your head.
Scrolls take you a little longer to read.
You occasionally shout uncontrollably at your foes.


Message History

* * * LOW HITPOINT WARNING * * *
You hear some strange, mumbled words.
You are more confused.
You're too confused to move!
Something hits you but does no damage. The orc warrior barely misses you.
You bump into the rock wall.
Something hits you but does no damage. The orc warrior barely misses you.
You completely miss something. You claw something. You headbutt something.
The orc warrior hits you from afar with a trident!
* * * LOW HITPOINT WARNING * * *
Something hits you but does no damage.
You bump into the rock wall.
The orc warrior hits you from afar with a trident.
* * * LOW HITPOINT WARNING * * *
Something hits you but does no damage.
Okay, then.
You're too confused!
You bump into the rock wall.
The orc warrior hits you from afar with a trident!
You die...

..# #.#
#########.#
.........#.#
#......[......#.#
#........$....#.#
#.............#.#
#.....?.$.....#@#
#.............#{#
#...........[o'o#
#.ยง.....(....?###
#.............#
#.............#
#.............#
#.............#
#.............#


You could see an orc warrior.

Vanquished Creatures
  Menkaure (D:4)
  An ice beast (D:5)
  A sky beast (D:7)
  An orc warrior (D:6)
  A phantom (D:6)
  2 ogres
  4 bullfrogs (D:6)
  A water moccasin zombie (D:6)
  A wyvern skeleton (D:6)
  3 scorpions (D:5)
  3 crimson imps (D:5)
  A centaur zombie (D:5)
  2 hounds
  A jelly (D:6)
  A bullfrog zombie (D:5)
  5 orc priests
  5 orc wizards
  A centaur skeleton (D:4)
  2 iguanas
  6 worker ants
  Natasha (D:2)
  A killer bee zombie (D:6)
  Robin (D:3)
  14 gnolls
  A howler monkey skeleton (D:5)
  7 adders
  An ooze (D:4)
  An adder skeleton (D:4)
  4 worms
  2 dart slugs
  4 leopard geckos
  19 orcs
  2 ball pythons (Sewer)
  15 bats
  10 giant cockroaches
  5 hobgoblins
  9 jackals
  12 kobolds
  5 quokkas
  11 frilled lizards
  12 goblins
  6 rats
186 creatures vanquished.

Notes
Turn   | Place    | Note
-------+----------+-------------------------------------------
     0 | D:1      | azazzel4ik the Tengu Fighter began the quest for the Orb.
     0 | D:1      | Reached XP level 1. HP: 14/14 MP: 2/2
    54 | D:1      | Reached XP level 2. HP: 12/19 MP: 3/3
   842 | D:1      | Reached XP level 3. HP: 23/23 MP: 4/4
  1072 | D:2      | Found a faded altar of an unknown god.
  1178 | D:2      | Found a sacrificial altar of Ru.
  1454 | D:2      | Reached XP level 4. HP: 28/28 MP: 5/5
  1473 | D:2      | Found a shimmering altar of Xom.
  1571 | D:2      | Found a radiant altar of Vehumet.
  1574 | D:2      | Found a deep blue altar of Sif Muna.
  1577 | D:2      | Found an iron altar of Okawaru.
  1581 | D:2      | Became a worshipper of Warmaster Okawaru
  1719 | D:2      | Noticed Natasha
  1726 | D:2      | Killed Natasha
  1900 | D:3      | Gained mutation: You can fly. [Tengu growth]
  1900 | D:3      | Reached XP level 5. HP: 14/33 MP: 6/6
  2212 | D:3      | Noticed Robin
  2231 | D:3      | Killed Robin
  2676 | D:3      | Found a blossoming altar of Fedhas.
  2922 | D:4      | Reached XP level 6. HP: 16/38 MP: 7/7
  3180 | D:4      | Reached * piety under Okawaru
  3191 | D:4      | Reached skill level 5 in Armour
  3277 | D:4      | Reached XP level 7. HP: 32/44 MP: 8/8
  3287 | D:4      | Noticed Menkaure
  3296 | D:4      | Killed Menkaure
  3296 | D:4      | Reached skill level 5 in Short Blades
  3331 | D:4      | Reached ** piety under Okawaru
  3331 | D:4      | Reached skill level 5 in Fighting
  3599 | D:5      | Entered Level 5 of the Dungeon
  3723 | D:5      | Found a glowing drain.
  3851 | Sewer    | Entered a sewer
  4219 | D:5      | Reached XP level 8. HP: 50/50 MP: 9/9
  4931 | D:5      | Found a sparkling altar of Nemelex Xobeh.
  5715 | D:6      | Reached skill level 5 in Shields
  5760 | D:6      | Reached *** piety under Okawaru
  5936 | D:6      | Gained mutation: You occasionally shout uncontrollably at your foes. [potion of mutation]
  5936 | D:6      | Gained mutation: You have a pair of small horns on your head. [potion of mutation]
  5936 | D:6      | Gained mutation: Scrolls take you a little longer to read. [potion of mutation]
  6142 | D:6      | Reached XP level 9. HP: 53/56 MP: 10/10
  6210 | D:6      | Found a hazy altar of Hepliaklqana.
  6263 | D:6      | Found Yhuopu's Jewellery Boutique.
  6877 | D:6      | You fall through a shaft!
  6921 | D:7      | HP: 2/57 [orc warrior/trident (6)]
  6922 | D:7      | Mangled by an orc warrior

Skill      XL: |  1  2  3  4  5  6  7  8  9 |
---------------+----------------------------+-----
Short Blades   | 3 4 5 7 |  7.8
Armour         | 4 5 6 7 |  7.9
Fighting       | 4 5 6 7 |  7.0
Shields        | 4 5 |  5.6

Action                   |  1- 3 |  4- 6 |  7- 9 || total
-------------------------+-------+-------+-------++-------
Melee: Rapier            |   108 |   199 |   434 ||   741
       Peck              |    13 |    39 |    85 ||   137
       Kick              |    17 |    60 |   152 ||   229
       Headbutt          |       |       |    17 ||    17
Invok: Heroism           |       |       |     1 ||     1
  Use: Potion            |       |     1 |    16 ||    17
       Scroll            |       |       |    12 ||    12
  Eat: Bread ration      |     1 |     1 |     3 ||     5
Armor: Scale mail        |    53 |    70 |   165 ||   288
Dodge: Dodged            |    35 |    59 |   122 ||   216
Block: Shield            |    49 |    96 |   211 ||   356
